 Dungeon Crawl Stone Soup version 0.30.1 (webtiles) character file.

Game seed: 7435614558268549199

28 AiryTheDragon the Firebug (level 2, -3/19 HPs)
             Began as a Demonspawn Fire Elementalist on July 4, 2023.
             Slain by Terence
             ... wielding a +0 mace
              (8 damage)
             ... on level 2 of the Dungeon.
             The game lasted 00:09:23 (839 turns).

AiryTheDragon the Firebug (DsFE)                     Turns: 839, Time: 00:09:24

Health: -3/19      AC:  3    Str:  8    XL:     2   Next: 96%
Magic:  1/5        EV: 12    Int: 16    God:
Gold:   53         SH:  0    Dex: 13    Spells: 2/5 levels left

rFire   . . .        l - +0 mace
rCold   + . .        (no shield)
rNeg    . . .        a - +0 robe
rPois   .            (helmet restricted)
rElec   .            (no cloak)
rCorr   .            (no gloves)
SInv    .            d - +0 pair of boots
Will    .....        (no amulet)
Stlth   ++           j - ring of ice
HPRegen 0.23/turn    (no ring)
MPRegen 0.09/turn

%: random rage (3%)
@: no status effects
A: demonic magic 1, antennae 1, berserk 1, fire resistance 1
a: no special abilities


You were on level 2 of the Dungeon.
You visited 1 branch of the dungeon, and saw 2 of its levels.

You collected 53 gold pieces.

Inventory:

Hand Weapons
 e - a +1 antimagic flail
 l - a +0 mace (weapon)
Missiles
 h - 4 atropa-tipped darts
Armour
 a - a +0 robe (worn)
 d - a +0 pair of boots (worn)
Jewellery
 j - a ring of ice (left hand)
Scrolls
 c - a scroll of vulnerability {unknown}
 f - a scroll of identify {unknown}
 i - a scroll of teleportation {unknown}
Potions
 b - a potion of magic


   Skills:
 + Level 1.1 Maces & Flails
 + Level 1.9 Dodging
 + Level 2.0 Stealth
 + Level 0.6 Unarmed Combat
 + Level 2.0 Spellcasting
 + Level 1.0 Conjurations
 + Level 3.0 Fire Magic


You had 2 spell levels left.
You knew the following spells:

 Your Spells              Type           Power      Damage    Failure   Level
a - Foxfire               Conj/Fire      32%        2x1d5     9%          1
b - Scorch                Fire           22%        2d6       9%          2

Your spell library contained the following spells:

 Spells                   Type           Power      Damage    Failure   Level
 Inner Flame              Hex/Fire       6%         N/A       32%         3
 Volatile Blastmotes      Fire/Tloc      12%        2d11      32%         3
 Flame Wave               Conj/Fire      8%         2d5       65%         4
 Summon Cactus Giant      Summ           0%         N/A       100%        6


Dungeon Overview and Level Annotations

Branches:
Dungeon (2/15)

Altars:

Annotations:
D:2 Terence


Innate Abilities, Weirdness & Mutations

Spells you cast may paralyse adjacent enemies.
You have a pair of small antennae on your head.
You sometimes lose your temper in combat.
Your flesh is heat resistant. (rF+)


Message History

You kill the kobold!
Malevolent energies surge around you.
It was a potion of cancellation.
You feel magically purged.
It was a potion of mutation.
You feel extremely strange.
You feel a little pissed off. A pair of antennae grows on your head!
You feel resistant to heat.
Casting: Scorch (safe; 9% risk of failure)
Confirm with . or Enter, or press ? or * to list all spells.
Flames lash Terence.
Terence is moderately wounded.
Terence's fire resistance burns away.
Malevolent energies surge around you.
Casting: Scorch (safe; 9% risk of failure)
Confirm with . or Enter, or press ? or * to list all spells.
You conjure some foxfire!
Malevolent energies surge around you.
Terence suddenly stops moving!
The helpless Terence fails to defend himself.
You hit Terence but do no damage.
Terence is moderately wounded.
Terence is no longer paralysed.
The foxfire hits Terence but does no damage.
Terence is moderately wounded.
The foxfire hits Terence.
Terence is burned terribly!
Terence is heavily wounded.
Terence hits you but does no damage. Terence barely misses you.
Casting: Foxfire (safe; 9% risk of failure)
Confirm with . or Enter, or press ? or * to list all spells.
You don't have enough magic to cast this spell.
You hit Terence but do no damage.
Terence is heavily wounded.
Terence is no longer more vulnerable to fire.
Terence hits you with a +0 mace!
You thump Terence!
Terence is almost dead.
Terence closely misses you.
You hit Terence but do no damage.
Terence is almost dead.
Terence hits you with a +0 mace.
* * * LOW HITPOINT WARNING * * *
Terence hits you with a +0 mace!
You die...

.# .# ##.## #... #.##..#
#.##..# .###.##..#
########........@.#
..........###.##@#######
..###########...........
#.............##)########..
............<......K..@....
#############.##.>.........
###############


You could see Terence.

Vanquished Creatures
  An adder (D:2)
  A giant cockroach (D:1)
  A goblin (D:1)
  A hobgoblin (D:2)
  5 kobolds
  3 quokkas
  3 ball pythons
  2 bats (D:1)
  A frilled lizard (D:1)
  2 rats (D:1)
20 creatures vanquished.

Vanquished Creatures (others)
  3 foxfires
3 creatures vanquished.

Grand Total: 23 creatures vanquished

Notes
Turn   | Place    | Note
-------+----------+-------------------------------------------
     0 | D:1      | AiryTheDragon the Demonspawn Fire Elementalist began the
                  | quest for the Orb.
     0 | D:1      | Reached XP level 1. HP: 13/13 MP: 3/3
   470 | D:1      | Reached skill level 3 in Fire Magic
   470 | D:1      | Gained mutation: Spells you cast may paralyse adjacent
                  | enemies. [demonic ancestry]
   470 | D:1      | Reached XP level 2. HP: 18/19 MP: 1/5
   574 | D:1      | Learned a level 2 spell: Scorch
   749 | D:2      | Reached skill level 1 in Maces & Flails
   823 | D:2      | Noticed Terence
   833 | D:2      | Gained mutation: You sometimes lose your temper in combat.
                  | [potion of mutation]
   833 | D:2      | Gained mutation: You have a pair of small antennae on your
                  | head. [potion of mutation]
   833 | D:2      | Gained mutation: Your flesh is heat resistant. (rF+)
                  | [potion of mutation]
   839 | D:2      | Slain by Terence

Illustrated notes

Levels and vault maps discovered:
D:1:      lightli_iron_boxes, layout_loops_ring
D:2:      layout_loops_ring, dreamdust_ecumenical_altar_angels_and_demons,
          uniq_terence

Skill      XL: |  1  2 |
---------------+-------+-----
Fire Magic     | 3 |  3.0
Stealth        | 2 |  2.0
Maces & Flails | 1 |  1.1
Dodging        | |  1.9
Unarmed Combat | |  0.6
Spellcasting   | |  2.0
Conjurations   | |  1.0

Action                     || total
---------------------------++-------
  Melee: Flail             ||    28
         Unarmed           ||     4
         Mace              ||    24
   Cast: Foxfire           ||     2
         Scorch            ||     4
    Use: Potion            ||     4
   Stab: Sleeping          ||     4
         Paralysed         ||     1
 Armour: Robe              ||    16
  Dodge: Dodged            ||    39
